Cogmind - Beta 14 @@@ ROGUE MODE // 2024.11.24 @ 15:50:54 Player: Ayre223 Result: Destroyed by G-50 Soldier with Heavy Laser Performance ------------- Evolutions (2) 1000 Regions Visited (5) 1000 Robots Destroyed (28) 140 Value Destroyed (826) 826 Prototype IDs (23) 460 Alien Tech Used (0) 0 Bonus (300) 300 TOTAL SCORE: 3726 Bonus ------- Aligned with FarCom 300 Cogmind --------- Core Integrity 0/550 Matter 293/300 Energy 421/450 System Corruption 0% Temperature Warm (170) Movement Walking (126) Location -8/Materials Parts ------- > --- POWER (2) -------- Deuterium Engine Deuterium Engine > --- PROPULSION (3) --- Carbon-fiber Leg Titanium Leg Titanium Leg > --- UTILITY (3) ------ Heat Sink Hacking Suite > --- WEAPON (3) ------- Field Laser Ion Cannon Ion Cannon > --- INVENTORY (5) ---- Deuterium Engine Light Treads Light Treads Light Assault Rifle Heavy Assault Rifle Peak State ------------ > --- POWER ------------ Improved Ion Engine Improved Ion Engine > --- PROPULSION ------- Cesium-ion Thruster Cesium-ion Thruster Cesium-ion Thruster > --- UTILITY ---------- Heat Sink Signal Interpreter Hacking Suite > --- WEAPON ----------- YOLO Cannon > --- INVENTORY -------- Hover Unit Hover Unit Seismic Detector Heavy EM Pulse Gun Beam Rifle [Rating: 38] Favorites ----------- Power Deuterium Engine Engine Deuterium Engine Propulsion Hover Unit Treads Medium Treads Leg Titanium Leg Hover Unit Hover Unit Flight Unit Cesium-ion Thruster Utility Hacking Suite Device Heat Sink Storage Small Matter Pod Processor Advanced Visual Processing Unit Hackware Hacking Suite Protection Light Armor Plating Weapon Heavy Assault Rifle Energy Gun Small Laser Energy Cannon YOLO Cannon Ballistic Gun Heavy Assault Rifle Build | -11 -10 -10 -10 -9 -8 ------- Run | Yrd Mat Min Exi Min Mat Slots Evolved 4 | . . . . . 4 Power 1 | . . . . . 1 Propulsion 1 | . . . . . 1 Utility 1 | . . . . . 1 Weapon 1 | . . . . . 1 Parts Attached 53 | 6 10 . 1 1 35 Power 11 | 1 3 . . 1 6 Engine 11 | 1 3 . . 1 6 Core . | . . . . . . Reactor . | . . . . . . Propulsion 16 | 2 2 . . . 12 Treads 1 | . . . . . 1 Leg 8 | 2 . . . . 6 Wheel . | . . . . . . Hover 4 | . 2 . . . 2 Flight 3 | . . . . . 3 Utility 12 | 1 5 . . . 6 Device 4 | 1 1 . . . 2 Storage 3 | . 3 . . . . Processor 2 | . . . . . 2 Hackware 1 | . 1 . . . . Protection 2 | . . . . . 2 Artifact . | . . . . . . Weapon 14 | 2 . . 1 . 11 Energy Gun 4 | 1 . . . . 3 Energy Cannon 3 | . . . 1 . 2 Ballistic Gun 7 | 1 . . . . 6 Ballistic Cannon . | . . . . . . Launcher . | . . . . . . Special Weapon . | . . . . . . Impact Weapon . | . . . . . . Slashing Weapon . | . . . . . . Piercing Weapon . | . . . . . . Special Melee Weapon . | . . . . . . Unidentified Prototypes 1 | . . . 1 . . Parts Lost 9 | . . . . . 9 Power 2 | . . . . . 2 Propulsion 2 | . . . . . 2 Utility 3 | . . . . . 3 Weapon 2 | . . . . . 2 Highest Loss Streak 7 | . . . . . 7 To Critical Strikes . | . . . . . . Average Slot Usage (%) 84 | . 88 100 94 85 80 Engine 13 | . 14 14 14 14 13 Leg 10 | . 15 . . . 16 Hover 12 | . 7 28 28 28 4 Device 8 | . 13 14 14 14 4 Processor 4 | . . . . . 7 Hackware 9 | . . 14 14 14 9 Protection 2 | . . . . . 4 Energy Gun 4 | . 14 14 8 . 3 Energy Cannon 5 | . . . 4 14 4 Ballistic Gun 9 | . 14 14 8 . 10 Peak Build Rating 38 | 6 9 9 27 28 38 Average Rating 20 | 3 6 9 15 27 24 On Entrance 13 | . 6 9 9 27 28 Naked Turns . | . . . . . . Heaviest Build 37 | 7 9 9 24 26 37 Greatest Support 49 | 20 20 12 12 12 49 Greatest Overweight (x) 3 | . 1 . 1 2 3 Average Overweight (x) . | . . . . 1 . Largest Inventory Capacity 30 | 5 30 5 5 5 5 Average Capacity 5 | 5 5 5 5 5 5 Most Carried 5 | 5 5 3 5 5 5 Average Carried 3 | 3 4 3 3 2 3 Final Capacity 5 | 5 5 5 5 5 5 Final Carried 5 | 5 3 3 5 4 5 Class Distribution -------------------- 53% | Scavenger-Mutant 23% | Scavenger-Skirmisher 22% | Mutant Dominant Class ---------------- Mutant | -10/Materials Mutant | -10/Mines Scavenger-Mutant | -10/Exiles Scavenger-Mutant | -9/Mines Scavenger-Skirmisher | -8/Materials Resources | -11 -10 -10 -10 -9 -8 ----------- Run | Yrd Mat Min Exi Min Mat Matter Collected 809 | 263 17 . . 109 420 Remotely . | . . . . . . Salvage Created 981 | 48 17 . . 169 747 Parts 57 | 3 4 . . 8 42 Haulers Intercepted . | . . . . . . Recyclers Shooed . | . . . . . . Parts Field Recycled . | . . . . . . Retrieved Matter . | . . . . . . Parts Self-Destructed . | . . . . . . Prevented . | . . . . . . Kills | -11 -10 -10 -10 -9 -8 ------- Run | Yrd Mat Min Exi Min Mat Combat Hostiles Destroyed 22 | 1 . . . 6 15 Guns 9 | 1 . . . . 8 Cannons 6 | . . . . 1 5 AOE 6 | . . . . 4 2 Classes Destroyed 7 | 1 1 . . 3 2 Recycler 2 | . . . . . 2 Operator 2 | . 1 . . . 1 Watcher 2 | . . . . . 2 Swarmer 8 | . . . . 2 6 Grunt 7 | 1 . . . 1 5 Brawler 1 | . . . . 1 . Sentry 6 | . . . . 2 4 Best Kill Streak 4 | 1 1 . . 2 4 Combat Bots Only 3 | 1 . . . 2 3 Max Kills in Single Turn 3 | 1 1 . . 2 3 Gunslinging . | . . . . . . Exploded 2 | . . . . 2 2 Melee . | . . . . . . Uniques/NPCs Destroyed . | . . . . . . Combat | -11 -10 -10 -10 -9 -8 -------- Run | Yrd Mat Min Exi Min Mat Hostile Shots Fired 89 | 1 . . . 6 82 Missed 24 | . . . . 2 22 Damage Taken 925 | 12 . . . 49 864 Core 323 | 12 . . . 19 292 Absorbed by Shields . | . . . . . . Core Remaining (%) 91 | 95 . . . 87 . Volleys Fired 58 | 1 2 . . 5 50 Largest 3 | 2 2 . . 1 3 Hottest 183 | 60 60 . . 100 183 Shots Fired 107 | 2 4 . . 5 96 Gun 83 | 2 4 . . . 77 Cannon 24 | . . . . 5 19 Launcher . | . . . . . . Special . | . . . . . . Kinetic 48 | 1 2 . . . 45 Thermal 53 | 1 2 . . 5 45 Explosive . | . . . . . . Electromagnetic 6 | . . . . . 6 Robot Hit Streak 7 | 2 2 . . 3 7 Robot Miss Streak 6 | . 1 . . 2 6 Penetration Max . | . . . . . . Secondary Targets 1 | . . . . . 1 Max Gunslinging Chain 1 | . . . . . 1 Shots Hit Robots 63 | 2 2 . . 2 57 Core Hits 39 | 2 2 . . 5 30 Critical Kills 1 | . . . . 1 . Critical Parts Destroyed . | . . . . . . Critical Strikes 2 | . . . . 1 1 Burn 1 | . . . . . 1 Meltdown 1 | . . . . 1 . Melee Attacks . | . . . . . . Impact . | . . . . . . Slashing . | . . . . . . Piercing . | . . . . . . Sneak Attacks . | . . . . . . Combat Hostiles . | . . . . . . Follow-up Attacks . | . . . . . . Damage Inflicted 1923 | 25 24 . . 489 1385 Guns 695 | 25 24 . . . 646 Cannons 662 | . . . . 218 444 Explosions 566 | . . . . 271 295 Melee . | . . . . . . Ramming . | . . . . . . Kinetic 364 | 14 12 . . . 338 Thermal 1494 | 11 12 . . 489 982 Explosive . | . . . . . . Electromagnetic 65 | . . . . . 65 Impact . | . . . . . . Slashing . | . . . . . . Piercing . | . . . . . . Highest Corruption . | . . . . . . Average Corruption . | . . . . . . Corruption Purged . | . . . . . . Corruption Blocked . | . . . . . . Overload Shots . | . . . . . . Overflow Damage 156 | . . . . 3 153 Projectiles 118 | . . . . . 118 Explosions 38 | . . . . 3 35 Melee . | . . . . . . Knockbacks . | . . . . . . Impact . | . . . . . . Kinetic . | . . . . . . Secondary . | . . . . . . Self-Inflicted Damage 154 | . . . . 19 135 Shots 3 | . . . . 1 2 Rammed . | . . . . . . Targets Rammed . | . . . . . . Kicked . | . . . . . . Crushed . | . . . . . . Highest Temperature 312 | 6 . . . 9 312 Average Temperature 69 | 6 . . . 6 72 Received Heat Transfer 267 | 6 . . . . 261 Siege Activations . | . . . . . . Robots Corrupted . | . . . . . . Combat Hostiles . | . . . . . . Parts Fried . | . . . . . . Impact Corruptions . | . . . . . . Robots Melted 1 | . . . . 1 . Combat Hostiles 1 | . . . . 1 . Parts Melted 5 | . . . . 3 2 Heat Transferred 2089 | 25 25 . . 480 1559 Parts Sabotaged . | . . . . . . Parts Stolen . | . . . . . . Parts Stripped . | . . . . . . Power Chain Reactions . | . . . . . . Alert | -11 -10 -10 -10 -9 -8 ------- Run | Yrd Mat Min Exi Min Mat Peak Influence 336 | 20 33 12 . 254 336 Initial 98 | . 13 12 . . 98 Average 147 | 3 15 12 . 173 176 Maximum Alert Level 1 | . . . . 1 1 Low Security (%) 62 | 100 100 100 . 53 55 Level 1 37 | . . . . 46 44 Level 2 . | . . . . . . Level 3 . | . . . . . . Level 4 . | . . . . . . Level 5 . | . . . . . . High Security . | . . . . . . Max Security . | . . . . . . Squads Dispatched 1 | . 1 . . . . Investigation . | . . . . . . Extermination . | . . . . . . Reinforcement 1 | . 1 . . . . Assault . | . . . . . . Garrison . | . . . . . . Intercept . | . . . . . . Searches Triggered . | . . . . . . Construction Impeded . | . . . . . . Haulers Reinforced . | . . . . . . Active Scanning Responses . | . . . . . . Cargo Convoy Interrupts . | . . . . . . Stealth | -11 -10 -10 -10 -9 -8 --------- Run | Yrd Mat Min Exi Min Mat Distress Signals 3 | . . . . . 3 Communications Jammed . | . . . . . . Distress Signals . | . . . . . . Times Spotted 29 | 1 1 . . 5 22 Peak Tracking Total 4 | 1 . . . 3 4 Tactical Retreats 3 | . . . . 1 2 Traps | -11 -10 -10 -10 -9 -8 ------- Run | Yrd Mat Min Exi Min Mat Traps Triggered 3 | . . . . . 3 Indirectly . | . . . . . . Trap Hack Attempts . | . . . . . . Triggered . | . . . . . . Disarmed . | . . . . . . Reprogrammed . | . . . . . . Reused . | . . . . . . Traps Extracted . | . . . . . . Installed . | . . . . . . Triggered . | . . . . . . Machines | -11 -10 -10 -10 -9 -8 ---------- Run | Yrd Mat Min Exi Min Mat Machines Disabled 6 | . . . . 3 3 Max in Single Turn 2 | . . . . 2 1 Machines Repaired . | . . . . . . Machines Dismantled . | . . . . . . Machines Sabotaged . | . . . . . . Overloaded Fab Kills . | . . . . . . Hacking | -11 -10 -10 -10 -9 -8 --------- Run | Yrd Mat Min Exi Min Mat Machines Accessed 3 | . . . 2 . 1 Terminals 1 | . . . . . 1 Fabricators . | . . . . . . Repair Stations . | . . . . . . Recycling Units . | . . . . . . Scanalyzers . | . . . . . . Garrison Access . | . . . . . . Total Hacks 11 | . . . 8 . 3 Successful 10 | . . . 8 . 2 Failed . | . . . . . . Catastrophic . | . . . . . . Database Lockouts 1 | . . . . . 1 Manual 2 | . . . 2 . . Terminals 3 | . . . . . 3 Fabricators . | . . . . . . Repair Stations . | . . . . . . Recycling Units . | . . . . . . Scanalyzers . | . . . . . . Garrison Access . | . . . . . . Terminal Hacks 10 | . . . 8 . 2 Record 9 | . . . 7 . 2 Derelict Proto ID Bank 1 | . . . 1 . . Fabricator Hacks . | . . . . . . Repair Station Hacks . | . . . . . . Recycling Unit Hacks . | . . . . . . Scanalyzer . | . . . . . . Garrison Access Hacks . | . . . . . . Unauthorized Hacks . | . . . . . . Terminals . | . . . . . . Fabricators . | . . . . . . Repair Stations . | . . . . . . Recycling Units . | . . . . . . Scanalyzers . | . . . . . . Garrison Access . | . . . . . . Data Cores Recovered . | . . . . . . Used . | . . . . . . Hacking Detections . | . . . . . . Full Trace Events . | . . . . . . Feedback Events . | . . . . . . Feedback Blocked . | . . . . . . Robot Schematics Acquired . | . . . . . . Robots Built . | . . . . . . Authchips . | . . . . . . Time . | . . . . . . Total Robot Build Rating . | . . . . . . Part Schematics Acquired . | . . . . . . Parts Built . | . . . . . . Authchips . | . . . . . . Time . | . . . . . . Total Part Build Rating . | . . . . . . Parts Repaired . | . . . . . . Time . | . . . . . . Parts Recycled . | . . . . . . Recycled Matter . | . . . . . . Retrieved Matter . | . . . . . . Retrieved Components . | . . . . . . Parts Scanalyzed . | . . . . . . Part Schematics Acquired . | . . . . . . Parts Damaged . | . . . . . . Bothacking | -11 -10 -10 -10 -9 -8 ------------ Run | Yrd Mat Min Exi Min Mat Used RIF Installer . | . . . . . . Robots Hacked . | . . . . . . Non-combat . | . . . . . . Combat . | . . . . . . Robot Hacks Applied . | . . . . . . Relay Couplers Released . | . . . . . . Fabnet Peak Effective % . | . . . . . . Robots Rewired . | . . . . . . Allies Hacked . | . . . . . . Hacks Repelled . | . . . . . . Allies | -11 -10 -10 -10 -9 -8 -------- Run | Yrd Mat Min Exi Min Mat Total Allies . | . . . . . . Largest Group . | . . . . . . Highest-Rated Group . | . . . . . . Highest-Rated Ally . | . . . . . . Total Orders . | . . . . . . Ally Attacks . | . . . . . . Total Damage . | . . . . . . Kills . | . . . . . . Allies Corrupted . | . . . . . . Allies Melted . | . . . . . . Intel | -11 -10 -10 -10 -9 -8 ------- Run | Yrd Mat Min Exi Min Mat Robot Analysis Total . | . . . . . . Derelict Logs Recovered 1 | . . . . 1 . Drone Launches . | . . . . . . Drone Recoveries . | . . . . . . Exploration | -11 -10 -10 -10 -9 -8 ------------- Run | Yrd Mat Min Exi Min Mat Turns Passed 2195 | 113 202 9 355 321 1195 Spaces Moved 1666 | 93 150 17 520 216 670 Core 30 | 26 . . . . 4 Treads 62 | . . . . . 62 Legs 591 | 67 75 . . . 449 Wheels . | . . . . . . Hover 980 | . 75 17 520 216 152 Flight 3 | . . . . . 3 Fastest Speed 50 | 50 56 56 56 116 50 Average Speed 111 | 100 112 56 67 137 140 Slowest Speed 272 | 120 120 56 116 176 272 Overloaded Moves . | . . . . . . Propulsion Burnouts . | . . . . . . Robots Hopped . | . . . . . . Cave-ins Triggered . | . . . . . . Exploration Rate (%) 40 | 7 24 7 90 67 45 Regions Visited 5 Branch Regions 3 Pre-discovered Areas 1 | . . . 1 . . Known Exits Taken . | . . . . . . Unknown Exits Taken 5 | 1 1 1 1 1 . Scrap Searched 3 | . . . . 3 . Spaces Dug . | . . . . . . Terrain Destroyed 165 | . . . . 99 66 Melee . | . . . . . . Projectile 6 | . . . . 3 3 AOE 159 | . . . . 96 63 Terrain Rammed . | . . . . . . Walls Destroyed . | . . . . . . Machines Disabled . | . . . . . . Actions | -11 -10 -10 -10 -9 -8 --------- Run | Yrd Mat Min Exi Min Mat Total 1885 | 110 180 16 522 228 829 Wait 31 | . . . . . 31 Move 1661 | 92 149 16 519 215 670 Hop . | . . . . . . Pick Up 49 | 11 6 . . 3 29 Fast Attach 11 | . 5 . 1 . 5 Attach 21 | 6 1 . . . 14 Detach 3 | . 1 . 2 . . Swap 21 | . 4 . . 1 16 Drop 30 | . 12 . . 4 14 Fire 58 | 1 2 . . 5 50 Melee . | . . . . . . Ram . | . . . . . . Kick . | . . . . . . Crush . | . . . . . . Escape Stasis . | . . . . . . Rewire . | . . . . . . Trap . | . . . . . . Miscellaneous . | . . . . . . Route ------- -11/Scrapyard -10/Materials -10/Mines -10/Exiles (discovered 2 exits: [*Min x2]) -9/Mines -8/Materials History --------- Turn | Location | Event 2 | -11/Scrapyard | Met Revision 17 84 | -11/Scrapyard | Discovered new exit (range 8) 114 | -11/Scrapyard | Entered Materials 279 | -10/Materials | Discovered new exit (range 15) 316 | -10/Materials | Entered Mines 323 | -10/Mines | Deemed a non-threat by the Exiles lab entrance 323 | -10/Mines | Discovered new exit (range 5) 325 | -10/Mines | Met a Derelict bent on vengeance 325 | -10/Mines | Entered Exiles 334 | -10/Exiles | Discovered new exit (range 15) 342 | -10/Exiles | Met 8R-AWN 352 | -10/Exiles | Met EX-HEX 374 | -10/Exiles | Met EX-DEC 379 | -10/Exiles | Learned location of Zion (-7) 411 | -10/Exiles | Visited The Gauntlet 491 | -10/Exiles | Discovered new exit (range 14) 529 | -10/Exiles | Met EX-BIN 537 | -10/Exiles | Aligned with FarCom system 537 | -10/Exiles | Given EX-Vault access code 555 | -10/Exiles | Opened EX-Vault 560 | -10/Exiles | Found Prototype Energy Cannon 560 | -10/Exiles | Identified YOLO Cannon 592 | -10/Exiles | Warned to stay clear of 0b10 Research branches 600 | -10/Exiles | Build established: Scavenger-Mutant 680 | -10/Exiles | Left Exiles lab with YOLO Cannon 680 | -10/Exiles | Entered Mines 852 | -9/Mines | Joined a pair of Derelicts in attacking an 0b10 outpost 950 | -9/Mines | Discovered new exit (range 13) 987 | -9/Mines | Learned 2 Materials zone layouts 1001 | -9/Mines | Entered Materials 1001 | -8/Materials | Evolved 4 slots: Power x1, Propulsion x1, Utility x1, Weapon x1 1192 | -8/Materials | Central database locked down 1309 | -8/Materials | YOLO Cannon suddenly exploded 1310 | -8/Materials | Core integrity fell below 50% 1340 | -8/Materials | Lost 7 parts (2p2n2u1w) 1395 | -8/Materials | Core integrity fell below 20% 1980 | -8/Materials | Build established: Scavenger-Skirmisher 2196 | -8/Materials | Destroyed by G-50 Soldier with Heavy Laser Last Messages --------------- K-01 Serf collects debris. Discarded Adv. Visual Processing Unit. Acquired 20 matter. S-10 Pest destroyed. K-01 Serf collects debris. K-01 Serf cleans the Electrolysis Chamber. Acquired Ion Cannon. K-01 Serf cleans the Electrolysis Chamber. T-07 Excavator is excavating. O-16 Technician destroyed. T-07 Excavator is excavating. K-01 Serf collects debris. T-07 Excavator is excavating. K-01 Serf collects debris. Connecting with Scanalyzer... G-47 Trooper destroyed. Lgt. Armor Plating destroyed. Critical hit (Burn: +37). K-01 Serf collects debris. [Achievement: First Step to Greatness] Map ----- +----------------------------------------------------+ | ???????????????????????????????? | | ???????????????????????????????? | | ???????????????????????????????? | | ???????????????????????????????? | | ???????????????????????????????? | | ???????????????????????????????? | | ???????????????????????????????? | | ???????????????????????????????? | | ???????????????????????????????? | | ???????????????????????????????? | | ???????????????????????????????? | | ???????????????????????????????? | | ???????????????????????????????? | | ???????????????????????????????? | | ???????????????????????????????? | | ????????????????? ???????????? | | ????????????????# ???????????? | | ????????????????# ???????????? | | ????????????????# ???????????? | | ????????????????# #??????????? | | ????????????????# #??????????? | | ????????????????# #??????????? | | ????????????????# #??????????? | | ????????????????# #??????????? | | ????????????????# ##########?? | | ????????????????# # @ #?? | | ????????????????# # "" #?? | | ????????????????# # """ #?? | | ??????????#?????# # S" #?? | | ????????# # ##### # #?? | | ###?????# %g! """ #?? | | #????????### g# """ #?? | | #####??????#* k # * """ #?? | | # #???"/$"% # #?? | | + #?""" !#####/###########?? | | # #?""" ??# =% #???????? | | # #? ????# """ #???????? | | # #???????# """ #???????? | | # #???????#=! """ #???????? | | ### ##??????#!% #???????? | | ! = ######### """ #???????? | | *=% % / """ #???????? | | * ######### """ #???????? | | #######???????# #???????? | | ??????????????## #######???????? | | ##?????????????###?????????????? | | ######????????????????????????? | | #????????????????????????? | | #????????????????????????? | | #????????????????????????? | +----------------------------------------------------+ Best States ------------- Heat Dissipation 41 Energy Generation 23 Energy Capacity 450 Matter Stores 300 Matter Capacity 350 Sight Range 20 Terrain Scan Density 10 Armor Coverage 150 Evasion (%) 55 Recoil Reduction 1 Offensive Hacking 10 Item Schematics ----------------- None Robot Schematics ------------------ None Fabricated ------------ Nothing Alien Tech Used ----------------- None Achievements -------------- First Step to Greatness It's Just You Risk Taker Storm Trooper Tourist Uninvited Guest Challenges ------------ None Game ------ Seed RecyclingLauncherMallet Manual? 0 Play Time 00:50:07 Cumulative 0.8 hours Start 2024.11.24 @ 14:57:11 End 2024.11.24 @ 15:50:54 Sessions 1 Manual Loads 0 Difficulty Rogue Special Mode None Game No. 1 Rogue 1 Adventurer 0 Explorer 0 Win Type - Total 0 Types 0/0/0/0/0/0/0/0/0 Lore% 2 Gallery% 2 Achievement% 2 Wizard Run 0 Options --------- Layout 1 ASCII 0 Keyboard 0 Movement Mouse Keybinds 0 Fullscreen 1 Font 24/Smallcaps Map View 50x35 Zoom Use 0% Tactical HUD 0 Map Filters NONE Filters NONE Steam 1 RUN: a3327575-d058-4e0b-bd74-1786b71296cd